 Dungeon Crawl Stone Soup version 0.19.3-1-g3169bf9 (webtiles) character file.

105 Naow the Conjurer (level 4, -1/24 HPs)
             Began as a Deep Elf Conjurer on Jan 25, 2017.
             Slain by Robin
             ... wielding a +0 club
              (4 damage)
             ... on level 2 of the Dungeon.
             The game lasted 00:03:26 (1960 turns).

Naow the Conjurer (Deep Elf Conjurer)               Turns: 1960, Time: 00:03:27

Health: -1/24      AC:  2    Str:  5    XL:     4   Next: 54%
Magic:  0/12       EV: 13    Int: 21    God:
Gold:   48         SH:  0    Dex: 15    Spells: 2 memorised, 8 levels left

rFire  . . .     SeeInvis .     (no weapon)
rCold  . . .     Gourm    .     a - +0 robe
rNeg   . . .     Faith    .     (no shield)
rPois  .         Spirit   .     (no helmet)
rElec  .         Reflect  .     (no cloak)
rCorr  .         Harm     .     (no gloves)
MR     .....                    (no boots)
Stlth  ++........               (no amulet)
                                (no ring)
                                (no ring)

@: drained
A: no striking features
a: no special abilities


You were on level 2 of the Dungeon.
You were not hungry.

You visited 1 branch of the dungeon, and saw 2 of its levels.

You collected 48 gold pieces.

Inventory:

Armour
 a - a +0 robe (worn)
Scrolls
 d - a scroll of identify
 g - a scroll of recharging
Potions
 e - a potion of invisibility {unknown}
 h - a potion of resistance {unknown}
Books
 b - a book of Conjurations

   Spells                             Type                      Level
   a - Magic Dart                     Conjuration                  1
   b - Searing Ray                    Conjuration                  2
   c - Dazzling Spray                 Conjuration/Hexes            3
   d - Fulminant Prism                Conjuration/Hexes            4
   e - Iskenderun's Mystic Blast      Conjuration                  4
   f - Iskenderun's Battlesphere      Conjuration/Charms           5
Comestibles
 c - 2 bread rations
 f - a chunk of flesh
 k - a slice of pizza
 l - a meat ration


   Skills:
 - Level 2.4(2.1) Dodging
 - Level 2.4(2.1) Stealth
 + Level 4.4(4.1) Spellcasting
 * Level 5.9(5.6) Conjurations


You had 8 spell levels left.
You knew the following spells:

 Your Spells              Type           Power        Failure   Level  Hunger
a - Magic Dart            Conj           ####         1%          1    None
b - Searing Ray           Conj           ####..       1%          2    #......


Dungeon Overview and Level Annotations

Branches:
Dungeon (2/15)

Altars:

Annotations:
D:2 Robin


Message History

It was a scroll of immolation.
The goblin barely misses you.
The goblin hits you with a dagger of draining.
* * * LOW HITPOINT WARNING * * *
You feel drained.
* * * LOW HITPOINT WARNING * * *
Robin misses you.
Casting: Magic Dart
Confirm with . or Enter, or press ? or * to list all spells.
Aiming: Magic Dart
Press: ? - help, Shift-Dir - straight line, f/p - Robin
Aim: Robin, wielding a club, wearing an animal skin and wearing a shiny helmet (severely wounded, inner flame)
The magic dart hits Robin.
Robin is severely wounded.
The goblin no longer looks unusually strong.
The goblin barely misses you. The goblin completely misses you.
You barely miss Robin.
Robin is severely wounded.
The goblin no longer looks unusually strong. x2
Robin hits you with a club.
You die...

# ###.#######
#.##.........#################
. .......!....................
.....>g.g†(..................
#.#.#....?.###.###############
...........# #.# .#.<...# #.#
.gg)......g###g#
gg##.####gggg@g# # #.######
#)# ## #. #. #. ##


You could see Robin (inner flame) and 6 goblins.

Vanquished Creatures
  A gnoll (D:1)
  3 adders (D:2)
  4 worms (D:2)
  3 dart slugs
  4 leopard geckos
  2 giant cockroaches
  6 goblins
  7 hobgoblins
  5 kobolds
  5 bats
  A frilled lizard (D:2)
  8 rats
49 creatures vanquished.

Notes
Turn   | Place    | Note
-------+----------+-------------------------------------------
     0 | D:1      | Naow the Deep Elf Conjurer began the quest for the Orb.
     0 | D:1      | Reached XP level 1. HP: 10/10 MP: 6/6
   264 | D:1      | Reached XP level 2. HP: 15/15 MP: 6/8
   270 | D:1      | Learned a level 2 spell: Searing Ray
   428 | D:1      | Reached skill level 5 in Conjurations
   636 | D:1      | Reached XP level 3. HP: 19/19 MP: 8/10
  1230 | D:2      | Noticed Robin
  1597 | D:2      | Found a faded altar of an unknown god.
  1599 | D:2      | Reached XP level 4. HP: 24/24 MP: 10/12
  1960 | D:2      | Slain by Robin

Skill      XL: |  1  2  3 |
---------------+----------+-----
Conjurations   | 5 |  5.9
Spellcasting   | 4 |  4.4
Dodging        | |  2.4
Stealth        | |  2.4

Action                   |  1- 3 |  4- 6 || total
-------------------------+-------+-------++-------
Melee: Unarmed           |       |     1 ||     1
 Cast: Magic Dart        |    66 |    34 ||   100
       Searing Ray       |     2 |     1 ||     3
  Use: Scroll            |       |     3 ||     3
  Eat: Chunk             |     2 |     1 ||     3
Armor: Robe              |     1 |     1 ||     2
Dodge: Dodged            |     4 |    10 ||    14
